 Dungeon Crawl Stone Soup version 0.30.0-21-gd299b56b3f (webtiles) character file.

Game seed: 12911811339577619098

107 qw the Chopper (level 4, -2/28 HPs)
             Began as a Gargoyle Fighter on June 2, 2023.
             Killed by divine providence
             ... invoked by an orc priest
              (14 damage)
             ... on level 2 of the Dungeon.
             The game lasted 00:00:53 (1445 turns).

qw the Chopper (Gargoyle Fighter)                   Turns: 1445, Time: 00:00:54

Health: -2/28      AC: 12    Str: 21    XL:     4   Next: 85%
Magic:  4/4        EV:  9    Int:  9    God:
Gold:   76         SH:  4    Dex:  9    Spells: 3/3 levels left

rFire   . . .        Y - +1 war axe
rCold   . . .        c - +0 buckler
rNeg    + . .        b - +0 scale mail
rPois   inf          (no helmet)
rElec   +            (no cloak)
rCorr   .            k - +0 pair of gloves
SInv    .            l - +0 pair of boots
Will    .....        (no amulet) Stlth
                     (no ring)
HPRegen 0.24/turn    (no ring)
MPRegen 0.09/turn

%: no passive effects
@: no status effects
A: sickness immunity, AC +3, negative energy resistance 1, electricity
resistance, torment resistance 1, petrification resistance
a: no special abilities


You were on level 2 of the Dungeon.
You visited 1 branch of the dungeon, and saw 2 of its levels.

You collected 76 gold pieces.


Innate Abilities, Weirdness & Mutations

You are immune to sickness and miasma.
Your stone body is resilient. (AC +3)
You are immune to poison.
You resist negative energy. (rN+)
You are resistant to electric shocks. (rElec)
You are resistant to unholy torment.
You are immune to petrification.


   Skills:
 - Level 3.2 Fighting
 + Level 4.2 Axes
 - Level 1.0 Throwing
 - Level 3.2 Armour
 - Level 3.2 Shields


You had 3 spell levels left.
You didn't know any spells.
Your spell library was empty.

Inventory:

Hand Weapons
 j - a +0 whip of holy wrath
 Y - a +1 war axe (weapon)
Missiles
 g - 6 javelins (quivered)
Armour
 b - a +0 scale mail (worn)
 c - a +0 buckler (worn)
 k - a +0 pair of gloves (worn)
 l - a +0 pair of boots (worn)
Scrolls
 a - a scroll of identify
 i - a scroll of teleportation
Potions
 d - 3 potions of might
 e - a potion of brilliance {unknown}
 f - a potion of magic {unknown}
 h - 3 potions of attraction

Dungeon Overview and Level Annotations

Branches:
Dungeon (2/15)

Altars:


Message History

Enter note:
Enter note:
Enter note:
Enter note:
Enter note:
Enter note:
Enter note:
Enter note: The orc barely misses you.
You slash the orc priest!
The orc priest is heavily wounded.
You closely miss the orc.
The orc priest hits you but does no damage.
The orc barely misses you.
You hit the orc priest.
The orc priest is heavily wounded.
You hit the orc but do no damage.
The orc priest mumbles some strange prayers to Beogh against you.
Beogh smites you!
Ouch! That really hurt!
The orc barely misses you. The orc closely misses you.
The orc priest hits you with a +0 dagger.
You barely miss the orc priest.
The orc priest is heavily wounded.
You barely miss the orc. The orc hits you but does no damage.
The orc priest barely misses you.
You closely miss the orc priest.
The orc priest is heavily wounded.
You slash the orc!
You kill the orc!
The orc priest closely misses you.
You hit the orc priest.
The orc priest is severely wounded.
The orc priest hits you but does no damage. x2
You closely miss the orc priest.
The orc priest is severely wounded.
The orc priest calls down the wrath of Beogh upon you.
Beogh smites you!
Ouch! That really hurt!
You die...

#.###......#.#
#.###.##...#.#
#.....######.##### ##
####.)...........# .#
##........).)...# .#
#....#########).#
.#######.#.###.......).#
....#....#.##..8...8...#
..#.#.##.$.#$..)@......#
#...#.##...#}..o.......#
###......#.#...........#
# #...####.##..8...8..##
# #...####.###........#
# #..>...#..#########.#
# #......##...........#
# #......##############
# #......#


You could see an orc priest.

Vanquished Creatures
  An orc priest (D:2)
  An orc wizard (D:2)
  An adder (D:2)
  4 orcs (D:2)
  2 ball pythons
  2 endoplasms (D:2)
  4 hobgoblins
  3 jackals (D:1)
  2 quokkas (D:1)
  4 bats (D:1)
  3 frilled lizards (D:1)
  3 goblins
  2 kobolds (D:1)
  7 rats
39 creatures vanquished.

Notes
Turn   | Place    | Note
-------+----------+-------------------------------------------
     0 | D:1      | qw the Gargoyle Fighter began the quest for the Orb.
     0 | D:1      | Reached XP level 1. HP: 14/14 MP: 1/1
     0 | D:1      | 0 ||| qw: Version: 0.2-a-102-gdf20003
     0 | D:1      | 0 ||| qw: Game counter: 811
     0 | D:1      | 0 ||| qw: Always use a shield: true
     0 | D:1      | 0 ||| qw: God list: Okawaru
     0 | D:1      | 0 ||| qw: Allow faded altars: false
     0 | D:1      | 0 ||| qw: Do Orc after D:15 true
     0 | D:1      | 0 ||| qw: Do second Lair branch before Depths: true
     0 | D:1      | 0 ||| qw: Lair rune preference: random
     0 | D:1      | 0 ||| qw: Plans: Normal, Zot:1-4, Slime:5, God:TSO, Crypt,
                  | Tomb, Pan, Hells, Abyss, Win
     0 | D:1      | 0 ||| PLANNING D:1-11
    83 | D:1      | Reached skill level 2 in Axes
    91 | D:1      | 91 ||| Stepping ~*~*~tactically~*~*~ (hiding).
    93 | D:1      | 93 ||| Stepping ~*~*~tactically~*~*~ (hiding).
    95 | D:1      | 95 ||| Stepping ~*~*~tactically~*~*~ (hiding).
   363 | D:1      | Reached XP level 2. HP: 19/19 MP: 2/2
   487 | D:1      | Found a faded altar of an unknown god.
   488 | D:1      | 488 ||| Stepping ~*~*~tactically~*~*~ (hiding).
   599 | D:1      | 599 ||| DROPPING +0 club.
   795 | D:1      | Reached skill level 3 in Axes
   931 | D:1      | Reached XP level 3. HP: 23/23 MP: 3/3
  1022 | D:1      | 1022 ||| UPGRADING to +0 pair of gloves.
  1027 | D:1      | 1027 ||| READING 2 scrolls labelled CIOWOTW NIAMACH.
  1028 | D:1      | 1028 ||| READING 2 scrolls labelled CIATE ZOSCH.
  1033 | D:1      | 1033 ||| DRINKING 2 fuming golden potions.
  1216 | D:2      | 1216 ||| Stepping ~*~*~tactically~*~*~ (stealth).
  1219 | D:2      | Reached skill level 1 in Throwing
  1279 | D:2      | 1279 ||| UPGRADING to +0 pair of boots.
  1284 | D:2      | 1284 ||| READING scroll labelled WIESER KYTEE.
  1407 | D:2      | 1407 ||| Stepping ~*~*~tactically~*~*~ (hiding).
  1410 | D:2      | 1410 ||| Stepping ~*~*~tactically~*~*~ (hiding).
  1415 | D:2      | Reached XP level 4. HP: 28/28 MP: 4/4
  1423 | D:2      | Reached skill level 4 in Axes
  1445 | D:2      | Killed from afar by an orc priest

Levels and vault maps discovered:
D:1:      tekkud_arrival_beachfront_property, layout_basic,
          hellmonk_ecumenical_altar_run_dry, skrybe_limestone_x
D:2:      cheibrodos_pilgrimage, layout_basic

Skill      XL: |  1  2  3  4 |
---------------+-------------+-----
Axes           | 2 3 4 |  4.2
Throwing       | 1 |  1.0
Fighting       | |  3.2
Armour         | |  3.2
Shields        | |  3.2

Action                     |  1- 3 |  4- 6 || total
---------------------------+-------+-------++-------
  Melee: War axe           |    83 |    12 ||    95
  Throw: Javelin           |    23 |       ||    23
    Use: Scroll            |     3 |       ||     3
         Potion            |     1 |       ||     1
 Armour: Scale mail        |    49 |     8 ||    57
  Dodge: Dodged            |    45 |     7 ||    52
  Block: Buckler           |    17 |     1 ||    18

Table legend:
 A = Non-vault XP
 B = Vault XP
 C = Vault XP percentage of total XP
 D = Non-vault monster count
 E = Vault monster count
 F = Vault count percentage of total count
                 A         B        C        D         E       F
            +---------+---------+-------+---------+---------+-------
      Total |      63 |      90 |  58.8 |      33 |       6 |  15.4
            +---------+---------+-------+---------+---------+-------
        D:1 |      35 |       0 |   0.0 |      23 |       0 |   0.0
        D:2 |      28 |      90 |  76.3 |      10 |       6 |  37.5
            +---------+---------+-------+---------+---------+-------
